 Dungeon Sprint DCSS version 0.27-a0-538-g15ff5c5295 (webtiles) character file.

Game seed: 3785764419726653584

2047 sahdkjhfkaj the Unseen (level 9, -3/69 HPs)
             Began as a Felid Monk on Mar 6, 2021.
             Was the Champion of Dithmenos.
             Slain by a spriggan rider
             ... wielding a +0 spear
              (26 damage)
             ... in the Dungeon (Sprint VII: "The Pits").
             The game lasted 00:02:47 (1068 turns).

sahdkjhfkaj the Unseen (Felid Monk)                 Turns: 1068, Time: 00:02:48

Health: -3/69      AC:  2    Str: 10    XL:     9   Next: 4%
Magic:  10/10      EV: 33    Int: 12    God:    Dithmenos [******]
Gold:   0          SH:  0    Dex: 24    Spells: 8/8 levels left
                                        Lives:  0   Deaths: 2

rFire    . . .     SeeInvis +     - Unarmed
rCold    . . .     Faith    .   (shield unavailable)
rNeg     . . .     Spirit   .   (armour unavailable)
rPois    .         Reflect  .   (helmet unavailable)
rElec    .         Harm     .   (cloak unavailable)
rCorr    .         Rampage  .   (gloves unavailable)
Will     +....     NoTele   +   (boots unavailable)
Stlth    ..........             (no amulet)
HPRegen  0.21/turn              l - +3 ring of dexterity
MPRegen  0.12/turn              j - +3 ring of strength

@: berserking, very slightly contaminated, wreathed by umbra, invisible, very
quick
A: very small, claws 1, fangs 3, see invisible, speed 1, shaggy fur 2, stealthy
paws, no weapons or thrown items, no armour, multi-lived
a: Renounce Religion, Shadow Step, Shadow Form


You were in the Dungeon.
You worshipped Dithmenos.
Dithmenos was exalted by your worship.
You visited 1 branch

Inventory:

Jewellery
 j - a +3 ring of strength (right paw)
 l - a +3 ring of dexterity (left paw)
Scrolls
 f - a scroll of blinking
 h - 5 scrolls of amnesia
 i - a scroll of summoning
Potions
 a - 8 potions of curing
 b - 14 potions of heal wounds
 c - 2 potions of haste
 d - 4 potions of magic
 g - a potion of invisibility
 k - a potion of brilliance


   Skills:
 - Level 10.0 Fighting
 - Level 15.0 Dodging
 + Level 17.6 Stealth
 - Level 10.0 Unarmed Combat


You had 8 spell levels left.
You didn't know any spells.
Your spell library was empty.

Dungeon Overview and Level Annotations

Branches:
Dungeon (1/1)

Altars:
Ashenzari
Cheibriados
Dithmenos
Elyvilon
Fedhas
Gozag
Hepliaklqana
Kikubaaqudgha
Makhleb
Nemelex Xobeh
Okawaru
Qazlal
Ru
Sif Muna
Trog
Uskayaw
Vehumet
Wu Jian
Xom
Yredelemnul
Zin
The Shining One
Beogh
Jiyva
Lugonu


Innate Abilities, Weirdness & Mutations

You have sharp claws.
You have razor-sharp teeth.
You have supernaturally acute eyesight. (SInv)
You cover ground quickly. (Speed+)
You are covered in thick fur. (AC +2)
Your stealthy paws help you sneak and pounce on unaware monsters.
You are incapable of wielding weapons or throwing items.
You cannot wear armour.
You gain extra lives every three experience levels.


Message History

The storm dragon misses you.
The storm dragon completely misses you. x2
The bat skeleton completely misses you.
The orc warrior shouts!
Things that are here:
a +0 hand axe; a +0 plate armour; an orc corpse You claw the bat skeleton!
You destroy the bat skeleton!
Dithmenos accepts your kill.
The storm dragon misses you. x2; The storm dragon barely misses you.
The purple draconian hits you with a +0 trident.
A lindwurm, 2 redbacks and a spriggan rider come into view.
There is an open door here.
There is a huge open gate to the Grid Vault (Hard) here.
There is a huge open gate to the Grid Vault (Hard) here.
The storm dragon breathes lightning at you.
The bolt of lightning misses you.
The storm dragon breathes lightning at you.
The bolt of lightning misses you. The spriggan rider misses you.
There is an open door to the Storerooms (Easy) here.
The spriggan rider hits you from afar with a +0 spear!!
Ouch! That really hurt!
You emit a cloud of dark smoke.
The spriggan rider misses you.
You see here a wolf skeleton.
You see here the felid skeleton of sahdkjhfkaj.
There is an open door, spattered with blood here.
The spriggan rider hits you with a +0 spear!
There is an open door, spattered with blood here.
You fade into invisibility!
The spriggan rider completely misses you.
You are very lightly contaminated with residual magic.
A red film seems to cover your vision as you go berserk!
You feel yourself moving faster!
You feel mighty!
The spriggan rider completely misses you.
You claw the spriggan rider!
The spriggan rider is lightly wounded.
Your shadow hits the spriggan rider.
The spriggan rider hits you with a +0 spear!!
You die...

############ ....
#_________.# ....
#_________.# ####
#_______...#######
##########'##....W
#.?(.')))§§##...D.
##########§##.....
#.iD÷..§§§§§i.D...
#@#####§#####.....
#.#[[#.....##.....
#.#))#####'#####'#
#.#))#.....##.....
#.#))#.....##.....
#.#..###'####.....
#.##§#§...†##...<.
#.#§§§.....##.....
#.#§§).....##.....


You could see a storm dragon and a spriggan rider.

Vanquished Creatures
  A wolf spider (D)
  An orc knight (D)
  A hellwing (D)
  A hornet (D)
  2 flying skulls (D)
  A tarantella (D)
  An orc warrior (D)
  A floating eye (D)
  A sky beast (D)
  An eye of draining (D)
  8 wolves (D)
  A crimson imp (D)
  An iron imp (D)
  An orc wizard (D)
  2 gnolls (D)
  An adder (D)
  An ufetubus (D)
  An ooze (D)
  An adder zombie (D)
  A worm (D)
  A bat (D)
  A bat skeleton (D)
  A giant cockroach (D)
  A hobgoblin (D)
  A quokka (D)
  A kobold (D)
  A quokka zombie (D)
  A rat (D)
37 creatures vanquished.

Notes
Turn   | Place    | Note
-------+----------+-------------------------------------------
     0 | D        | sahdkjhfkaj the Felid Monk began the quest for the Orb.
     0 | D        | Reached XP level 1. HP: 10/10 MP: 2/2
    14 | D        | Reached skill level 4 in Stealth
    18 | D        | Found a bloodstained altar of Trog.
    18 | D        | Found a shimmering blue altar of Sif Muna.
    18 | D        | Found a viscous altar of Jiyva.
    18 | D        | Found a hazy altar of Hepliaklqana.
    18 | D        | Found an opulent altar of Gozag.
    19 | D        | Found a glowing golden altar of the Shining One.
    19 | D        | Found a glowing silver altar of Zin.
    19 | D        | Found a basalt altar of Yredelemnul.
    19 | D        | Found a shimmering altar of Xom.
    19 | D        | Found an ornate altar of the Wu Jian Council.
    19 | D        | Found a sacrificial altar of Ru.
    19 | D        | Found a stormy altar of Qazlal.
    19 | D        | Found an iron altar of Okawaru.
    19 | D        | Found a sparkling altar of Nemelex Xobeh.
    19 | D        | Found a burning altar of Makhleb.
    19 | D        | Found a blossoming altar of Fedhas.
    19 | D        | Found a white marble altar of Elyvilon.
    19 | D        | Found a shadowy altar of Dithmenos.
    19 | D        | Found a snail-covered altar of Cheibriados.
    20 | D        | Found a radiant altar of Vehumet.
    20 | D        | Found a corrupted altar of Lugonu.
    21 | D        | Found an ancient bone altar of Kikubaaqudgha.
    21 | D        | Found a hide-covered altar of Uskayaw.
    21 | D        | Found a broken altar of Ashenzari.
    26 | D        | Became a worshipper of Dithmenos the Shadowed
    26 | D        | Reached * piety under Dithmenos
    26 | D        | Reached ** piety under Dithmenos
   183 | D        | Reached skill level 6 in Stealth
   185 | D        | Reached skill level 7 in Stealth
   185 | D        | Reached XP level 2. HP: 14/14 MP: 3/3
   238 | D        | Reached *** piety under Dithmenos
   244 | D        | Reached skill level 9 in Stealth
   246 | D        | Reached XP level 3. HP: 17/17 MP: 4/4
   255 | D        | Reached **** piety under Dithmenos
   415 | D        | Noticed a flying skull
   416 | D        | Noticed a floating eye
   420 | D        | Paralysed by a floating eye for 2 turns
   432 | D        | Paralysed by a floating eye for 2 turns
   434 | D        | Killed a floating eye
   435 | D        | Reached skill level 13 in Stealth
   435 | D        | Reached XP level 4. HP: 21/21 MP: 5/5
   448 | D        | Killed a flying skull
   449 | D        | Reached skill level 16 in Stealth
   449 | D        | Reached XP level 5. HP: 2/24 MP: 6/6
   449 | D        | Gained mutation: You are covered in thick fur. (AC +2)
                  | [Felid growth]
   449 | D        | Reached XP level 6. HP: 3/28 MP: 7/7
   479 | D        | Slain by a gnoll
   480 | D        | Reached XP level 5. HP: -2/24 MP: 6/6
   490 | D        | Reached ***** piety under Dithmenos
   557 | D        | Reached skill level 5 in Dodging
   566 | D        | Noticed an eye of draining
   568 | D        | Killed an eye of draining
   569 | D        | Reached skill level 5 in Fighting
   569 | D        | Reached skill level 5 in Unarmed Combat
   569 | D        | Reached XP level 6. HP: 28/30 MP: 7/7
   570 | D        | Noticed a sky beast
   574 | D        | Killed a sky beast
   580 | D        | Noticed a hornet
   581 | D        | Noticed a flying skull
   583 | D        | Reached ****** piety under Dithmenos
   584 | D        | Reached XP level 7. HP: 35/35 MP: 8/8
   585 | D        | Killed a hornet
   589 | D        | Reached skill level 10 in Dodging
   590 | D        | Killed a flying skull
   591 | D        | Reached XP level 8. HP: 40/40 MP: 9/9
   668 | D        | Noticed a hellwing
   673 | D        | Killed a hellwing
   721 | D        | HP: 2/42 [wolf (11)]
   725 | D        | Slain by a wolf
   726 | D        | Reached XP level 7. HP: 0/38 MP: 8/8
  1027 | D        | Noticed a redback
  1027 | D        | Noticed a white draconian
  1027 | D        | Noticed a seven-headed hydra
  1027 | D        | Noticed a tarantella
  1031 | D        | Reached XP level 8. HP: 43/43 MP: 9/9
  1031 | D        | Noticed a wind drake
  1031 | D        | Noticed a wolf spider
  1031 | D        | Noticed an orc knight
  1033 | D        | Killed an orc knight
  1034 | D        | Reached skill level 10 in Fighting
  1034 | D        | Reached skill level 10 in Unarmed Combat
  1034 | D        | Noticed a purple draconian
  1035 | D        | Killed a wolf spider
  1036 | D        | Reached skill level 15 in Dodging
  1036 | D        | Reached skill level 17 in Stealth
  1036 | D        | Reached XP level 9. HP: 46/46 MP: 10/10
  1036 | D        | Noticed an eidolon
  1036 | D        | Noticed a storm dragon
  1038 | D        | Noticed a spriggan rider
  1038 | D        | Noticed a lindwurm
  1068 | D        | Slain by a spriggan rider

Illustrated notes

Levels and vault maps discovered:
D:        pitsprint [storerooms_1, entrance_room_1, metal_vault_8, armoury_2,
          mini_pit_1, grid_room_1, main_hall_1, silver_pit, the_coven_1,
          the_vestibule_1, steel_vault_3, golden_pit, hallway_of_sentries,
          crystal_vault_5, iron_vault_4, final_vault]

Skill      XL: |  1  2  3  4  5  6  7  8 |
---------------+-------------------------+-----
Stealth        | 7 9 13 16 17 | 17.6
Dodging        | 6 8 12 15 | 15.0
Fighting       | 5 6 8 10 | 10.0
Unarmed Combat | 5 6 8 10 | 10.0

Action                   |  1- 3 |  4- 6 |  7- 9 || total
-------------------------+-------+-------+-------++-------
Melee: Unarmed           |    27 |    49 |    45 ||   121
       Bite              |     5 |     2 |     4 ||    11
       Punch             |       |       |     3 ||     3
  Use: Potion            |     2 |       |     2 ||     4
 Stab: Sleeping          |     5 |     8 |    10 ||    23
Armor: Skin              |     1 |     2 |     1 ||     4
Dodge: Dodged            |    24 |    27 |    70 ||   121

Table legend: (Time is in decaauts)
 A = Elapsed time spent in this place.
 B = Non-inter-level travel time spent in this place.
 C = Inter-level travel time spent in this place.
 D = Time resting spent in this place.
 E = Time spent auto-exploring this place.
 F = Levels seen in this place.
 G = Mean time per level.
                   A        B        C        D        E       F      G
               +--------+--------+--------+--------+--------+-----+--------+
         Total |    992 |    935 |     57 |    386 |    179 |   1 |  992.0 |
       Dungeon |    992 |    935 |     57 |    386 |    179 |   1 |  992.0 |
               +--------+--------+--------+--------+--------+-----+--------+

Top non-repeatable levels by time:
       D: 992 daAuts
